 Dungeon Crawl Stone Soup version 0.32-a0-910-gd49a5c6 (webtiles) character file.

Game seed: 5303641489355927945

972 sdynet the Trooper (level 8, -2/60 (67) HPs)
             Began as a Formicid Hexslinger on Apr 7, 2024.
             Slain by a wight
             ... wielding a +3 morningstar
              (11 damage)
             ... on level 5 of the Dungeon.
             The game lasted 00:14:47 (4363 turns).

sdynet the Trooper (Formicid Hexslinger)            Turns: 4363, Time: 00:14:47

HP:   -2/60 (67)    AC:  5    Str: 19    XL:     8   Next: 39%
MP:   1/12          EV: 11    Int: 13    God:
Gold: 202           SH:  0    Dex: 24    Spells: 5/13 levels left

rFire   . . .        a - +2 sling (freeze)
rCold   . . .        (no shield)
rNeg    . . .        m - +0 leather armour
rPois   .            (helmet unavailable)
rElec   .            (no cloak)
rCorr   .            j - +1 pair of gloves
SInv    +            (no boots)
Will    .....        (no amulet)
Stlth   ++           p - +6 ring of dexterity
HPRegen 0.30/turn    f - +6 ring of strength
MPRegen 0.13/turn

%: no passive effects
@: very slightly contaminated, heavily drained
A: permanent stasis, dig shafts and tunnels, antennae 3, four strong arms
a: Dig, Shaft Self


You were on level 5 of the Dungeon.
You visited 1 branch of the dungeon, and saw 6 of its levels.

You collected 202 gold pieces.

Inventory:

Hand Weapons
 a - a +2 sling of freezing (weapon)
Missiles
 q - 3 javelins
 Z - 13 poisoned darts
Armour
 j - a +1 pair of gloves (worn)
 m - a +0 leather armour (worn)
 o - a +0 plate armour of fire resistance
Jewellery
 f - a +6 ring of strength (right hand)
 l - an amulet of faith
 p - a +6 ring of dexterity (left hand)
Scrolls
 b - a scroll of poison
 d - a scroll of vulnerability
 g - a scroll of brand weapon
 h - a scroll of revelation {!r}
 n - a scroll of torment
Potions
 c - a potion of attraction
 e - a potion of cancellation {!q}
 i - a potion of haste {!q}
 k - 2 potions of curing {!q}


   Skills:
 * Level 7.0 Fighting
 + Level 4.8 Ranged Weapons
 - Level 2.0 Dodging
 - Level 1.0 Stealth
 + Level 3.1 Spellcasting
 + Level 5.1 Hexes
 + Level 1.2 Fire Magic


You had 5 spell levels left.
You knew the following spells:

 Your Spells              Type           Power      Damage    Failure   Level
a - Sigil of Binding      Hex            15%        N/A       10%         3
b - Inner Flame           Hex/Fire       10%        N/A       22%         3
J - Jinxbite              Hex            30%        N/A       4%          2

Your spell library contained the following spells:

 Spells                   Type           Power      Damage    Failure   Level
 Apportation              Tloc           4%         N/A       26%         1
 Necrotise                Necr           8%         1d4       26%         1
 Sandblast                Erth           4%         2d4       26%         1
 Sting                    Conj/Alch      8%         1d3       26%         1
 Summon Small Mammal      Summ           8%         N/A       26%         1
 Cause Fear               Hex            7%         N/A       32%         4
 Stone Arrow              Conj/Erth      4%         3d7       63%         3
 Dimensional Bullseye     Hex/Tloc       4%         N/A       67%         4
 Brom's Barrelling Bould  Conj/Erth      2%         2d3       95%         4
 Olgreb's Toxic Radiance  Alch           2%         N/A       95%         4
 Dispersal                Tloc           1%         N/A       100%        6
 Gell's Gavotte           Tloc           1%         2d(11-17) 100%        6
 Manifold Assault         Tloc           1%         N/A       100%        7
 Ozocubu's Refrigeration  Ice            1%         4d7       100%        7
 Discord                  Hex            7%         N/A       100%        8
 Disjunction              Tloc           1%         N/A       100%        8


Dungeon Overview and Level Annotations

Branches:
Dungeon (6/15)
 Temple: D:4-7

Altars:


Innate Abilities, Weirdness & Mutations

You cannot be hasted, slowed, berserked, paralysed or teleported.
You can dig through walls and to a lower floor.
You have a pair of large antennae on your head. (SInv)
Your four strong arms can wield two-handed weapons with a shield.


Message History

Okay, then.
You aren't carrying any items that you can evoke.
Okay, then.
Casting: Jinxbite (safe; 4% risk of failure)
Confirm with . or Enter, or press ? or * to list all spells.
You inscribe a pair of binding sigils.
The wight moves over the binding sigil and is bound in place!
The jinxing sprites lose interest in you.
The wight hits you with a +6 short sword.
There is a dry fountain here.
Casting: Sigil of Binding (dangerous; 10% risk of failure)
Confirm with . or Enter, or press ? or * to list all spells.
Your binding sigil disappears.
You inscribe a pair of binding sigils.
The wight's lost momentum returns!
The wight cannot be bound by the sigil due to its high momentum!
The wight attacks as it pursues you! The wight barely misses you.
Casting: Sigil of Binding (dangerous; 10% risk of failure)
Confirm with . or Enter, or press ? or * to list all spells.
You miscast Sigil of Binding.
You are very lightly contaminated with residual magic.
Nothing appears to happen.
Casting: Sigil of Binding (dangerous; 10% risk of failure)
Confirm with . or Enter, or press ? or * to list all spells.
Your binding sigils disappear.
You inscribe a pair of binding sigils.
The wight completely misses you.
The wight hits you with a +6 short sword.
The wight attacks as it pursues you!
The wight hits you with a +3 morningstar!
* * * LOW HITPOINT WARNING * * *
The wight misses you.
Okay, then.
Okay, then.
You feel better.
You feel your willpower return.
The wight hits you with a +3 morningstar!
* * * LOW HITPOINT WARNING * * *
You begin to dig a shaft.
You continue digging a shaft.
The wight is no longer moving quickly.
The wight hits you with a +3 morningstar!
You die...

......#..⌠...⌠÷§§§.§.⌠.#...##...#
.....##.≈.§.≈.§.≈.≈.≈§§..#.......
.#...#.....⌠...⌠...§..§..#.......
...#....≈.§.≈.≈.§.≈.≈.≈..........
.........⌠...⌠...⌠...⌠......#....
#.......§.§.≈.≈.≈.≈.≈.≈#...##....
.........§§§...⌠.§§§...###..#....
#....(..≈§§§≈.≈.≈§≈.≈.≈###..#....
###......§§..⌠..@z§§.⌠.##.....)..
#.....≈.§§§.§.≈z≈.≈.≈#.........
##..##....⌠...§§..⌠.....#.>..<..
##.#.#..≈.≈.≈.§§≈§≈.≈.§.##....[).
#..#.##..⌠...⌠.§§§...⌠...........
.....##.^.≈.§.≈.≈.§.≈...)........
........#.........§..............
.>......#)............###........
).....##...####......###.........


You could see 2 wights.

Vanquished Creatures
  A water moccasin (D:5)
  An orc warrior (D:5)
  2 black bears
  A phantom (D:5)
  2 orc priests
  A bombardier beetle (D:3)
  2 hounds
  A jelly (D:5)
  A sleepcap (D:4)
  2 iguanas
  Natasha (thrice) (D:2)
  An orc wizard (D:5)
  9 adders
  A white imp (D:5)
  2 dart slugs (D:4)
  3 ribbon worms
  3 orcs
  6 ball pythons
  4 endoplasms
  A giant cockroach (D:1)
  9 hobgoblins
  3 jackals (D:4)
  A quokka (D:3)
  5 bats
  A frilled lizard (D:1)
  5 goblins
  6 kobolds
  5 rats
82 creatures vanquished.

Notes
Turn   | Place    | Note
-------+----------+-------------------------------------------
     0 | D:1      | sdynet the Formicid Hexslinger began the quest for the Orb.
     0 | D:1      | Reached XP level 1. HP: 15/15 MP: 2/2
   189 | D:1      | Reached XP level 2. HP: 22/22 MP: 3/3
   192 | D:1      | Learned a level 2 spell: Jinxbite
   200 | D:1      | Reached skill level 2 in Fighting
   610 | D:1      | Reached XP level 3. HP: 28/28 MP: 4/4
  1038 | D:2      | Reached skill level 3 in Fighting
  1110 | D:2      | Noticed Natasha
  1114 | D:2      | Killed Natasha
  1115 | D:2      | Reached XP level 4. HP: 35/35 MP: 2/5
  1176 | D:2      | Noticed Natasha
  1180 | D:2      | Killed Natasha
  1250 | D:2      | Found a faded altar of an unknown god.
  1305 | D:2      | Reached XP level 5. HP: 42/42 MP: 3/6
  1359 | D:2      | Noticed Natasha
  1376 | D:2      | Learned a level 3 spell: Sigil of Binding
  1416 | D:2      | Reached skill level 4 in Fighting
  1438 | D:2      | Killed Natasha
  1762 | D:3      | Reached XP level 6. HP: 50/50 MP: 4/7
  1996 | D:3      | Noticed a black bear
  2006 | D:3      | Killed a black bear
  2007 | D:3      | Reached skill level 5 in Fighting
  2106 | D:3      | Learned a level 3 spell: Inner Flame
  3020 | D:4      | Reached skill level 1 in Stealth
  3020 | D:4      | Reached XP level 7. HP: 42/56 MP: 4/10
  3246 | D:5      | Entered Level 5 of the Dungeon
  3559 | D:5      | Reached skill level 6 in Fighting
  3952 | D:5      | Reached XP level 8. HP: 58/65 MP: 6/12
  4021 | D:5      | Reached skill level 5 in Hexes
  4170 | D:5      | Reached skill level 7 in Fighting
  4363 | D:5      | Slain by a wight

Illustrated notes

Levels and vault maps discovered:
D:1:      dpeg_arrival_signposts, layout_loops_ring, serial_rivers,
          chequers_serial_rivers_micro_d, chequers_serial_rivers_micro_c,
          chequers_serial_rivers_micro_d, chequers_serial_rivers_micro_c,
          chequers_serial_rivers_micro_a
D:2:      layout_rooms, ebering_ecumenical_altar_mist, uniq_natasha
D:3:      layout_loops_ring, chequers_mini_garden
D:4:      layout_layer_cave, kennysheep_generic_room_12
D:5:      layout_cave_pools, kennysheep_crisscross
D:6:      layout_cave_pods, minmay_temple_entry_wispy

Skill      XL: |  1  2  3  4  5  6  7  8 |
---------------+-------------------------+-----
Fighting       | 2 3 4 5 6 7 |  7.0
Ranged Weapons | 3 4 |  4.8
Dodging        | 2 |  2.0
Hexes          | 4 5 |  5.1
Stealth        | 1 |  1.0
Spellcasting   | 2 3 |  3.1
Fire Magic     | |  1.2

Action                     |  1- 3 |  4- 6 |  7- 9 || total
---------------------------+-------+-------+-------++-------
   Fire: Sling             |    82 |    96 |    72 ||   250
  Throw: Dart              |       |       |     2 ||     2
   Cast: Jinxbite          |     3 |    23 |    20 ||    46
         Sigil of Binding  |       |     1 |     3 ||     4
Ability: Shaft Self        |       |       |     1 ||     1
    Use: Scroll            |     2 |     8 |     1 ||    11
         Potion            |       |     1 |     4 ||     5
 Armour: Robe              |    21 |     3 |       ||    24
         Leather armour    |       |    50 |    45 ||    95
  Dodge: Dodged            |    16 |    31 |    28 ||    75

Table legend: (Time is in decaauts)
 A = Elapsed time spent in this place.
 B = Non-inter-level travel time spent in this place.
 C = Inter-level travel time spent in this place.
 D = Time resting spent in this place.
 E = Time spent auto-exploring this place.
 F = Levels seen in this place.
 G = Mean time per level.
                   A        B        C        D        E       F      G
               +--------+--------+--------+--------+--------+-----+--------+
         Total |   4429 |   3959 |    470 |     91 |   3082 |   6 |  738.2 |
       Dungeon |   4429 |   3959 |    470 |     91 |   3082 |   6 |  738.2 |
               +--------+--------+--------+--------+--------+-----+--------+

Top non-repeatable levels by time:
     D:1: 966 daAuts
     D:3: 961 daAuts
     D:4: 953 daAuts
     D:5: 848 daAuts
     D:2: 690 daAuts
     D:6: 8 daAuts
